 Dungeon Crawl Stone Soup version 0.28-a0-1387-g3a22ab9bdc (webtiles) character file.

Game seed: 8124888229516034534

457 KyoPewz the Skirmisher (level 7, -2/76 HPs)
             Began as an Ogre Cinder Acolyte on Jan 2, 2022.
             Was a High Priest of Ignis.
             Killed from afar by a white imp (11 damage)
             ... with a puff of frost
             ... on level 5 of the Dungeon.
             The game lasted 00:14:24 (4341 turns).

KyoPewz the Skirmisher (Ogre Cinder Acolyte)        Turns: 4341, Time: 00:14:25

Health: -2/76      AC:  3    Str: 21    XL:     7   Next: 6%
Magic:  1/10       EV:  9    Int: 15    God:    Ignis [*****.]
Gold:   141        SH:  0    Dex:  4    Spells: 8/10 levels left

rFire   + . .      SeeInvis .   a - -1 mace (flame) {mace}
rCold   . . .      Faith    .   (no shield)
rNeg    . . .      Spirit   .   b - +0 robe
rPois   .          Reflect  .   (helmet restricted)
rElec   .          Harm     .   (no cloak)
rCorr   .          Rampage  .   (gloves unavailable)
Will    .....                   (boots unavailable)
Stlth   +.........              (no amulet)
HPRegen 0.22/turn               (no ring)
MPRegen 0.12/turn               (no ring)

@: no status effects
A: large, unfitting armour, tough skin 1
a: Renounce Religion, Fiery Armour, Foxfire Swarm, Rising Flame


You were on level 5 of the Dungeon.
You worshipped Ignis.
Ignis was extremely pleased with you.
You visited 1 branch of the dungeon, and saw 4 of its levels.

You collected 141 gold pieces.


Innate Abilities, Weirdness & Mutations

You are too large for most types of armour.
You have tough skin. (AC +1)


   Skills:
 + Level 6.3 Fighting
 + Level 4.3 Maces & Flails
 + Level 2.0 Shields
 - Level 2.0 Spellcasting
 + Level 4.3 Fire Magic


You had 8 spell levels left.
You knew the following spells:

 Your Spells              Type           Power      Damage    Failure   Level
a - Scorch                Fire           28%        2d6       6%          2

Your spell library contained the following spells:

 Spells                   Type           Power      Damage    Failure   Level
 Corpse Rot               Necr/Air       2%         N/A       32%         2
 Dispel Undead            Necr           1%         3d6       91%         4
 Summon Ice Beast         Ice/Summ       1%         N/A       91%         4
 Summon Mana Viper        Hex/Summ       1%         N/A       99%         5
 Death Channel            Necr           0%         N/A       100%        6
 Monstrous Menagerie      Summ           0%         N/A       100%        7

Inventory:

Hand Weapons
 a - a -1 mace of flaming (weapon) {mace}
 m - a +2 dagger of venom {short}
   (You took it off a goblin on level 2 of the Dungeon)
 o - a +0 flail {mace}
   (You took it off a gnoll on level 1 of the Dungeon)
 v - a +0 morningstar {mace}
   (You found it on level 5 of the Dungeon)
Missiles
 c - 123 stones {throwing}
 g - 48 arrows
 i - 26 bolts
 l - 19 sling bullets
 p - 21 poisoned darts {throwing}
Armour
 b - a +0 robe (worn)
 q - a +0 kite shield
   (You found it on level 3 of the Dungeon)
Magical Staves
 k - a staff of earth {!astaff}
   (You took it off a goblin on level 2 of the Dungeon)
Jewellery
 s - an amulet of the acrobat
   (You found it on level 3 of the Dungeon)
Scrolls
 e - 3 scrolls of teleportation {unknown}
 h - 2 scrolls of identify {unknown}
 j - a scroll of fog {unknown}
 r - a scroll of fear {unknown}
 t - a scroll of enchant armour {unknown}
 u - a scroll of blinking {unknown}
Potions
 d - a potion of brilliance {unknown}
 f - 2 potions of curing {unknown}
 n - a potion of degeneration {unknown}

Dungeon Overview and Level Annotations

Branches:
Dungeon (3/15)

Altars:
Hepliaklqana

Annotations:
D:3 2 transporters

#..................>..[.......
#.....########.#..######......
#.........# ....# #......
#.....###.# #...# #....).
####### #.####....# ##.....
#...#...#.# ##.....
###....>..### #......
###........ #...... #@###.###
####### #5# # #.# #.....#
......... .>.......#
..........# ..≈........#
..≈.≈.......#


You could see a white imp (combustible).


Message History

😮 HP[+1]
Casting: Scorch (safe; 6% risk of failure)
Confirm with . or Enter, or press ? or * to list all spells.
Flames lash the iguana.
The iguana's fire resistance burns away.
You hear a bark!
The iguana bites you. 😮 HP[-3] MP[-2]
You take 3 damage, and now have 34/67 hp.
You lost 2 mp, and now have 7/9 mp.
Unknown command.
Casting: Scorch (safe; 6% risk of failure)
Confirm with . or Enter, or press ? or * to list all spells.
Flames lash the iguana.
The iguana is burned terribly!
You kill the iguana!
Your Shields skill increases to level 2!
You have reached level 7! 😮 HP[+5] MP[-2]
You now have 76 max hp (+9).
You regained 5 hp, and now have 39/76 hp.
You lost 2 mp, and now have 5/10 mp.
You start resting.
A jackal comes into view.
A jackal is nearby!
The jackal completely misses you. 😮 HP[+1]
You barely miss the jackal. The jackal closely misses you.
The jackal bites you but does no damage.
You closely miss the jackal. The jackal bites you.
A white imp comes into view.
The jackal bites you but does no damage. 😮 HP[-1] MP[+1]
You take 1 damage, and now have 39/76 hp.
The white imp shouts, "Succumb, thou froward saucy maggot-pie!"
You hit the jackal. You burn the jackal.
You kill the jackal!
A quokka comes into view.
The white imp gestures at you. The puff of frost hits you!
* * * LOW HITPOINT WARNING * * *
Things that are here:
a jackal corpse; a jackal corpse The white imp gestures at you.
The puff of frost hits you!
* * * LOW HITPOINT WARNING * * *
😨 HP[-17]
You take 17 damage, and now have 22/76 hp.
MASSIVE DAMAGE!! (PAUSE) Unknown command.
The white imp gestures at you. The puff of frost hits you!
* * * LOW HITPOINT WARNING * * *
Things that are here:
a jackal corpse; a jackal corpse; 😱 HP[-8]
You take 8 damage, and now have 14/76 hp.
Unknown command.
Unknown command.
Unknown command.
Unknown command.
Unknown command.
Unknown command.
Unknown command.
Unknown command. 😱 HP[+1]
You hit the quokka but do no damage. The quokka bites you.
* * * LOW HITPOINT WARNING * * *
😱 HP[-3] MP[+1]
You take 3 damage, and now have 12/76 hp.
Unknown command.
Casting: Scorch (safe; 6% risk of failure)
Confirm with . or Enter, or press ? or * to list all spells.
Flames lash the white imp but do no damage.
The quokka bites you.
* * * LOW HITPOINT WARNING * * *
The white imp puffs mist at you. 😱 HP[-3] MP[-2]
You take 3 damage, and now have 9/76 hp.
You lost 2 mp, and now have 5/10 mp.
Casting: Scorch (safe; 6% risk of failure)
Confirm with . or Enter, or press ? or * to list all spells.
Flames lash the white imp.
The white imp is burned terribly!
The white imp's fire resistance burns away.
The quokka barely misses you. The quokka bites you.
* * * LOW HITPOINT WARNING * * *
😱 HP[-1] MP[-2]
You take 1 damage, and now have 8/76 hp.
You lost 2 mp, and now have 3/10 mp.
Casting: Scorch (safe; 6% risk of failure)
Confirm with . or Enter, or press ? or * to list all spells.
Flames lash the quokka.
You kill the quokka! 😱 HP[+1] MP[-2]
You lost 2 mp, and now have 1/10 mp.
Casting: Scorch (safe; 6% risk of failure)
Confirm with . or Enter, or press ? or * to list all spells.
You don't have enough magic to cast this spell.
You hit the white imp but do no damage. The white imp gestures at you.
The puff of frost hits you!
You die...

Skill      XL: |  1  2  3  4  5  6 |
---------------+-------------------+-----
Fire Magic     | 3 4 |  4.3
Maces & Flails | 3 4 |  4.3
Spellcasting   | 2 |  2.0
Fighting       | 5 6 |  6.3
Shields        | 1 2 |  2.0

Action                   |  1- 3 |  4- 6 |  7- 9 || total
-------------------------+-------+-------+-------++-------
Melee: Mace              |   144 |   128 |     5 ||   277
       Dagger            |       |     6 |       ||     6
 Cast: Scorch            |     4 |    36 |     3 ||    43
Invok: Fiery Armour      |       |     1 |       ||     1
Armor: Robe              |    62 |    64 |     2 ||   128
Dodge: Dodged            |    76 |    83 |     3 ||   162

Levels and vault maps discovered:
D:1:      dpeg_arrival_arbitrary_b, layout_basic
D:2:      layout_basic, hellmonk_ecumenical_altar_crossroads
D:3:      gammafunk_steamed_eel, layout_loops_ring,
          nicolae_overflow_crystal_walls, roderic_serpentine_path, st_stairs_2,
          chequers_serial_rivers_small_a, grunt_ministairs_2, uniq_sigmund,
          uniq_natasha
D:5:      layout_rooms, yredelemnul_forgotten_temple_becter, serial_shops,
          nicolae_diamond_shop, uniq_blork_the_orc

Notes
Turn   | Place    | Note
-------+----------+-------------------------------------------
     0 | D:1      | KyoPewz the Ogre Cinder Acolyte began the quest for the
                  | Orb.
     0 | D:1      | Reached XP level 1. HP: 24/24 MP: 2/2
     0 | D:1      | magus.rc [v1.9.6]
    55 | D:1      | Reached XP level 2. HP: 23/32 MP: 2/4
    69 | D:1      | Learned a level 2 spell: Scorch
   522 | D:1      | Reached skill level 3 in Fire Magic
   551 | D:1      | Reached XP level 3. HP: 32/40 MP: 5/5
   552 | D:1      | Reached skill level 3 in Maces & Flails
   738 | D:1      | You pick up a book of Decay and begin reading...
   738 | D:1      | You add the spells Corpse Rot, Dispel Undead and Death
                  | Channel to your library.
   822 | D:1      | Reached skill level 2 in Spellcasting
  1466 | D:2      | Reached XP level 4. HP: 40/49 MP: 7/7
  1534 | D:2      | Found a faded altar of an unknown god.
  1903 | D:2      | Reached skill level 5 in Fighting
  2291 | D:2      | You pick up a book of Beasts and begin reading...
  2291 | D:2      | You add the spells Summon Ice Beast, Summon Mana Viper and
                  | Monstrous Menagerie to your library.
  2521 | D:2      | Reached XP level 5. HP: 56/57 MP: 3/8
  2825 | D:3      | Found a transporter.
  3019 | D:3      | Found a transporter.
  3230 | D:3      | Found a hazy altar of Hepliaklqana.
  3238 | D:3      | Noticed Sigmund
  3241 | D:3      | Noticed Natasha
  3248 | D:3      | HP: 12/57 [Sigmund (9)]
  3248 | D:3      | Killed Sigmund
  3249 | D:3      | Reached skill level 6 in Fighting
  3249 | D:3      | Reached skill level 4 in Maces & Flails
  3249 | D:3      | Reached skill level 1 in Shields
  3249 | D:3      | Reached skill level 4 in Fire Magic
  3249 | D:3      | Reached XP level 6. HP: 15/67 MP: 1/9
  3253 | D:3      | HP: 7/67 [Natasha/magic dart (1)]
  3253 | D:3      | Killed Natasha
  3847 | D:3      | You fall into a shaft and drop 2 floors!
  3847 | D:5      | Entered Level 5 of the Dungeon
  3895 | D:5      | HP: 11/67 [iguana (13)]
  4324 | D:5      | Reached skill level 2 in Shields
  4324 | D:5      | Reached XP level 7. HP: 39/76 MP: 5/10
  4333 | D:5      | HP: 14/76 [white imp/puff of frost (8)]
  4338 | D:5      | HP: 9/76 [quokka (3)]
  4341 | D:5      | Killed from afar by a white imp

Vanquished Creatures
  Sigmund (D:3)
  A centaur skeleton (D:5)
  Natasha (D:3)
  2 iguanas (D:5)
  An orc wizard (D:5)
  4 gnolls
  3 adders (D:2)
  3 worms
  A dart slug (D:1)
  3 orcs
  8 bats
  10 endoplasms
  3 giant cockroaches (D:1)
  11 goblins
  5 hobgoblins
  12 jackals
  4 kobolds
  6 quokkas
  5 ball pythons
  7 frilled lizards
  3 rats
94 creatures vanquished.

Table legend:
 A = Non-vault XP
 B = Vault XP
 C = Vault XP percentage of total XP
 D = Non-vault monster count
 E = Vault monster count
 F = Vault count percentage of total count
                 A         B        C        D         E       F
            +---------+---------+-------+---------+---------+-------
      Total |     386 |     267 |  40.9 |      87 |       7 |   7.4
            +---------+---------+-------+---------+---------+-------
        D:1 |      81 |       0 |   0.0 |      38 |       0 |   0.0
        D:2 |     115 |       0 |   0.0 |      23 |       0 |   0.0
        D:3 |      33 |     267 |  89.0 |      16 |       7 |  30.4
        D:5 |     157 |       0 |   0.0 |      10 |       0 |   0.0
            +---------+---------+-------+---------+---------+-------

Illustrated notes

Table legend:
 A = Kills in this place as a percentage of kills in entire the game.
 B = Kills by you in this place as a percentage of kills by you in the entire game.
 C = Kills by friends in this place as a percentage of kills by friends in the entire game.
 D = Other kills in this place as a percentage of other kills in the entire game.
 E = Experience gained in this place as a percentage of experience gained in the entire game.
 F = Experience gained in this place divided by the number of levels of this place that you have seen.
                   A       B       C       D       E      F
               +-------+-------+-------+-------+-------+----------------------
         Total | 100.0 | 100.0 |   N/A |   N/A | 100.0 | 163.2
       Dungeon | 100.0 | 100.0 |   N/A |   N/A | 100.0 | 163.2
               +-------+-------+-------+-------+-------+----------------------

Table legend: (Time is in decaauts)
 A = Elapsed time spent in this place.
 B = Non-inter-level travel time spent in this place.
 C = Inter-level travel time spent in this place.
 D = Time resting spent in this place.
 E = Time spent auto-exploring this place.
 F = Levels seen in this place.
 G = Mean time per level.
                   A        B        C        D        E       F      G
               +--------+--------+--------+--------+--------+-----+--------+
         Total |   4413 |   4365 |     48 |   1227 |   2240 |   4 | 1103.2 |
       Dungeon |   4413 |   4365 |     48 |   1227 |   2240 |   4 | 1103.2 |
               +--------+--------+--------+--------+--------+-----+--------+

Top non-repeatable levels by time:
     D:1: 1503 daAuts
     D:2: 1323 daAuts
     D:3: 1085 daAuts
     D:5: 501 daAuts
